 Dungeon Crawl Stone Soup version 0.20-a0-633-gff4aa5c (webtiles) character file.

123 EternalSandwich the Slasher (level 4, -7/41 HPs)
             Began as a Minotaur Monk on Feb 11, 2017.
             Mangled by w00t's ghost (8 damage)
             ... on level 3 of the Dungeon.
             The game lasted 00:03:56 (1515 turns).

EternalSandwich the Slasher (Minotaur Monk)         Turns: 1515, Time: 00:03:56

Health: -7/41      AC:  9    Str: 15    XL:     4   Next: 80%
Magic:  12/12      EV: 16    Int:  7    God:
Gold:   91         SH:  0    Dex: 19    Spells: 3/3 levels left

rFire    . . .     SeeInvis .   a - +0 falchion
rCold    . . .     Gourm    .   e - +0 scale mail (curse)
rNeg     . . .     Faith    .   (no shield)
rPois    .         Spirit   .   (helmet restricted)
rElec    .         Reflect  .   s - +0 cloak
rCorr    .         Harm     .   i - +1 pair of gloves
MR       .....                  (no boots)
Stlth    +.........             (no amulet)
Regen    0.2/turn               g - ring of loudness (curse)
                                d - ring of magical power

@: agile, very slightly contaminated, hasted, very quick
A: retaliatory headbutt, horns 2
a: no special abilities


You were on level 3 of the Dungeon.
You were not hungry.

You visited 1 branch of the dungeon, and saw 3 of its levels.

You collected 91 gold pieces.

Inventory:

Hand Weapons
 a - a +0 falchion (weapon)
Armour
 b - a +0 robe
 e - a cursed +0 scale mail (worn)
 i - a +1 pair of gloves (worn)
 q - a cursed -1 robe
 s - a +0 cloak (worn)
 x - a +2 robe of magic resistance
Jewellery
 d - a ring of magical power (left hand)
 g - a cursed ring of loudness (right hand)
Scrolls
 f - 3 scrolls of teleportation {unknown}
 h - 3 scrolls of enchant armour {unknown}
 o - a scroll of fear {unknown}
 r - a scroll of amnesia {unknown}
 u - a scroll of identify {unknown}
 v - a scroll of blinking {unknown}
Potions
 k - a potion of agility
 m - a potion of might {unknown}
 p - a potion of berserk rage {unknown}
 t - 2 potions of cancellation {unknown}
Comestibles
 c - 3 bread rations
 n - a royal jelly
 z - a meat ration


   Skills:
 + Level 4.5 Fighting
 * Level 6.1 Long Blades
 - Level 3.2 Dodging
 - Level 1.5 Stealth


You had 3 spell levels left.
You didn't know any spells.

Dungeon Overview and Level Annotations

Branches:
Dungeon (3/15)

Altars:

Annotations:
D:3 1 runed door, w00t's ghost, amateur DDFi


Innate Abilities, Weirdness & Mutations

You reflexively headbutt those who attack you in melee.
You have a pair of horns on your head.


Message History

You feel better. W00t's ghost misses you. The ooze hits you but does no damage.
You hit w00t's ghost.
W00t's ghost is moderately damaged.
W00t's ghost hits you!
* * * LOW HITPOINT WARNING * * *
The ooze hits you but does no damage.
It was a potion of agility.
You feel agile all of a sudden. W00t's ghost closely misses you.
You riposte.
You barely miss w00t's ghost.
You headbutt w00t's ghost, but do no damage.
W00t's ghost is moderately damaged.
The ooze closely misses you. You furiously retaliate!
You headbutt the ooze!
You kill the ooze!
It was a potion of haste.
You feel yourself speed up. W00t's ghost hits you.
* * * LOW HITPOINT WARNING * * *
You are very lightly contaminated with residual magic.
You hit w00t's ghost but do no damage. You headbutt w00t's ghost.
W00t's ghost is moderately damaged.
W00t's ghost hits you!
You die...

# #....##### #.#
#.#.##.# #.# #.#.##.#
#.# #...†..# #.#
###.#### ##.###### ####
#.## ########.......#
....
#..#####.....###.####.#
.... ##............#
### #.# ....
#.........W@..# #†#
....##...#..#......#
######.#
#.†..?.....#......#
#......#
###################
#.####.# ###...##
#.##...# ###......#
#†##.#.# ##........#
#.##.#.# ##.....###.#
#......# ##....###
#.######.###


You could see w00t's ghost.

Vanquished Creatures
  Jessica (D:3)
  3 adders (D:2)
  2 oozes
  A worm (D:3)
  A dart slug (D:2)
  A leopard gecko (D:3)
  A ball python (D:1)
  6 bats
  4 giant cockroaches
  4 goblins
  7 hobgoblins
  6 jackals
  4 kobolds
  2 quokkas (D:2)
  4 frilled lizards
  8 rats
55 creatures vanquished.

Notes
Turn   | Place    | Note
-------+----------+-------------------------------------------
     0 | D:1      | EternalSandwich the Minotaur Monk began the quest for the Orb.
     0 | D:1      | Reached XP level 1. HP: 19/19 MP: 0/0
    73 | D:1      | Reached skill level 4 in Long Blades
    73 | D:1      | Reached XP level 2. HP: 20/27 MP: 1/1
   772 | D:2      | Reached XP level 3. HP: 33/33 MP: 2/2
   860 | D:2      | Reached skill level 5 in Long Blades
   920 | D:2      | Reached XP level 4. HP: 29/40 MP: 3/3
  1249 | D:3      | Noticed Jessica
  1258 | D:3      | Killed Jessica
  1359 | D:3      | Found a runed door.
  1456 | D:3      | Reached skill level 6 in Long Blades
  1483 | D:3      | Noticed w00t's ghost (amateur DDFi)
  1506 | D:3      | HP: 2/41 [w00t's ghost (15)]
  1514 | D:3      | HP: 1/41 [w00t's ghost (5)]
  1515 | D:3      | Mangled by w00t's ghost

Vault maps used:
D:1:      lightli_molten_gateway
D:2:      minmay_hexomino_f4
D:3:      eino_curves_01, uniq_jessica, uniq_crazy_yiuf_cottage

Skill      XL: |  1  2  3  4 |
---------------+-------------+-----
Long Blades    | 4 5 6 |  6.1
Fighting       | 4 |  4.5
Dodging        | |  3.2
Stealth        | |  1.5

Action                   |  1- 3 |  4- 6 || total
-------------------------+-------+-------++-------
Melee: Falchion          |    55 |    57 ||   112
       Headbutt          |    14 |    23 ||    37
  Use: Potion            |       |     5 ||     5
  Eat: Chunk             |       |     2 ||     2
Armor: Robe              |     2 |       ||     2
       Scale mail        |    24 |    38 ||    62
Dodge: Dodged            |    34 |    27 ||    61
       Rpst.: Falchion   |     8 |    11 ||    19
